Map: Pillars of Gold LE

Players

MarineLorD

  • Race: Terran Terran
  • League: Master
  • Spawn Location: 7:00

Geralt (Gerald) - Winner!

  • Race: Protoss Protoss
  • League: Grandmaster
  • Spawn Location: 1:00

Event: DreamHack SC2 Masters 2020 Fall

VOD

Have the link to the VOD?

Description

Time

  • Played on: Sept. 11, 2020, 11:47 a.m.
  • Length: 15:40

All games in this series

Show
View Real Time Build Order
Export as new Build Order

MarineLorD Terran 

Build Orders: Gas First Reaper Expand 

Get SALT Encoding   

  12  0:00  SCV  
  13  0:12  SCV  
  14  0:17  Supply Depot  
  14  0:24  SCV  
  15  0:29  Refinery  
  15  0:38  SCV  
  16  0:44  Barracks  
  16  0:51  SCV  
  17  1:03  SCV  
  18  1:15  SCV  
  19  1:31  Reaper, Orbital Command  
  20  1:47  Command Center  
  20  1:57  SCV  
  21  2:03  Factory  
  21  2:06  Barracks Reactor  
  21  2:10  SCV  
  22  2:15  Supply Depot  
  22  2:22  SCV  
  23  2:27  Refinery  
  23  2:37  SCV  
  24  2:48  Starport  
  24  2:50  SCV  
  25  2:55  Hellion x2  
  29  3:01  Supply Depot  
  29  3:04  SCV  
  30  3:18  SCV  
  31  3:23  Widow Mine x2  
  31  3:25  Medivac  
  37  3:31  SCV, Orbital Command  
  38  3:46  Widow Mine x2  
  38  3:48  SCV  
  43  4:00  SCV x2  
  43  4:01  Armory  
  45  4:04  Supply Depot, Medivac  
  47  4:11  Widow Mine  
  47  4:12  SCV x2  
  51  4:23  Barracks Tech Lab  
  51  4:24  SCV  
  51  4:25  SCV, Supply Depot  
  53  4:36  SCV  
  53  4:37  SCV, Widow Mine x2  
  56  4:47  Engineering Bay  
  56  4:49  SCV  
  56  4:50  Supply Depot  
  57  4:54  SCV  
  57  5:05  SCV  
  57  5:08  Marine x2, Siege Tank  
  62  5:14  SCV  
  62  5:16  Barracks x2  
  62  5:17  SCV  
  64  5:26  SCV  
  65  5:29  SCV  
  66  5:38  SCV  
  66  5:39  Terran Infantry Weapons Level 1  
  66  5:40  Refinery  
  66  5:41  SCV, Refinery  
  60  5:50  SCV  
  60  5:52  Stimpack, Missile Turret, Marine  
  60  5:54  SCV, Starport Reactor  
  60  5:55  Widow Mine x2  
  67  6:02  SCV  
  67  6:03  Barracks Reactor, Barracks Tech Lab  
  66  6:06  SCV  
  66  6:10  Marauder  
  69  6:13  Supply Depot  
  69  6:15  SCV  
  69  6:16  Widow Mine x2  
  69  6:18  SCV  
  75  6:26  Marauder  
  75  6:31  Combat Shield  
  73  6:32  Command Center  
  73  6:33  Marauder  
  73  6:35  Medivac  
  73  6:38  Widow Mine x2  
  79  6:44  Marine x2  
  79  6:46  Barracks  
  81  6:47  Marauder, Barracks  
  81  6:51  Medivac  
  85  6:54  SCV  
  85  6:57  Supply Depot x2  
  85  6:59  Supply Depot  
  86  7:09  Factory Tech Lab  
  86  7:15  Supply Depot  
  86  7:18  Marine x2  
  86  7:19  SCV x2, Medivac, Marauder x2  
  86  7:21  Medivac  
  96  7:31  SCV x2  
  98  7:40  Barracks Reactor, Marauder, Marine  
  98  7:41  Barracks Tech Lab  
  98  7:42  Siege Tank  
  98  7:43  SCV x2  
  102  7:46  Orbital Command  
  102  7:49  Medivac  
  104  7:51  Terran Infantry Armor Level 1  
  104  7:52  Marine x2  
  104  7:55  SCV  
  106  7:58  SCV  
  106  8:06  Supply Depot, Marauder x2, Marine  
  106  8:07  SCV  
  106  8:09  Marine  
  113  8:15  Liberator  
  112  8:20  Siege Tank  
  112  8:23  Marauder, Marine x2  
  112  8:24  Marine  
  120  8:27  SCV x2, Marine  
  120  8:28  Orbital Command  
  120  8:32  Medivac  
  125  8:42  Marine x3  
  125  8:43  Marauder  
  125  8:44  Marine  
  125  8:45  Marauder  
  130  8:50  Marauder  
  127  8:59  Siege Tank  
  127  9:00  Medivac, Marine x2  
  131  9:04  Refinery  
  131  9:05  Missile Turret, Refinery  
  131  9:06  Supply Depot  
  131  9:07  SCV x2  
  133  9:11  Missile Turret  
  133  9:13  Marauder x2  
  137  9:18  Armory  
  137  9:22  Engineering Bay  
  137  9:24  Supply Depot  
  137  9:31  SCV x3, Siege Tank  
  143  9:38  Marauder x2, Marine x2  
  147  9:40  Command Center  
  147  9:44  Supply Depot  
  149  9:46  Marine  
  150  9:56  Marauder  
  150  9:59  Marauder, Marine x3  
  144  10:06  Marine  
  144  10:07  Marauder  
  136  10:11  SCV x3  
  136  10:16  Marine x2  
  136  10:20  Marauder  
  138  10:23  SCV x2  
  132  10:30  Marauder, Marine x2  
  132  10:34  Marauder, Marine x2  
  124  10:40  Marine  
  112  10:45  SCV x2  
  112  10:47  Marine x2  
  112  10:48  SCV  
  117  10:56  Sensor Tower  
  117  10:57  SCV  
  117  11:03  Orbital Command  
  117  11:04  Terran Infantry Armor Level 2, Terran Infantry Weapons Level 2  
  118  11:06  Terran Vehicle Weapons Level 1  
  118  11:09  SCV x3  
  121  11:15  Missile Turret  
  121  11:19  Liberator x2  
  121  11:22  Orbital Command  
  127  11:28  Ghost Academy  
  127  11:32  Concussive Shells, Marine x4  
  129  11:33  Marauder  
  129  11:34  Marauder x2  
  129  11:39  SCV x3  
  140  11:42  Supply Depot  
  140  11:44  Terran Vehicle And Ship Armor Level 1  
  140  11:47  Siege Tank  
  140  11:50  SCV  
  140  11:51  SCV x2  
  146  11:57  Ghost  
  148  12:03  Ghost  
  150  12:14  Ghost  
  152  12:24  Marine x4  
  152  12:26  Marine  
  152  12:29  Supply Depot, Command Center  
  157  12:30  Supply Depot  
  157  12:32  Bunker  
  157  12:33  Supply Depot  
  157  12:41  Ghost  
  157  12:42  Enhanced Shockwaves  
  159  13:00  Viking x2  
  163  13:18  Ghost x3  
  159  13:34  SCV x3  
  130  13:41  Marine x2  
  130  13:45  Marine x2  
  130  13:47  Marauder x3  
  118  13:54  Siege Tank  
  96  13:59  SCV x4, Marine x2  
  97  14:03  Marine x2  
  97  14:08  Marine  
  97  14:09  Marauder x2  
  102  14:11  SCV x2  
  102  14:14  SCV  
  105  14:17  Marine x2  
  105  14:21  Marine x2  
  105  14:23  Planetary Fortress  
  109  14:25  SCV x2  
  109  14:26  SCV, Marauder  
  109  14:30  Marauder x2  
  118  14:35  Marine x2  
  118  14:36  SCV  
  118  14:37  SCV  
  122  14:39  Marine x2  
  124  14:47  Marine  
  124  14:48  SCV x3  
  124  14:49  SCV  
  124  14:51  Marauder, Marine  
  132  14:53  Missile Turret  
  129  15:02  Marine x2  
  129  15:05  Marauder  
  133  15:07  Missile Turret, Siege Tank  
  133  15:09  Marauder  
  134  15:18  Marauder, Marine x2  
  134  15:20  SCV x2, Marine x2  
Show
View Real Time Build Order
Export as new Build Order

Geralt Protoss - Winner!

Build Orders: 1 Gate Expand, Blink Stalkers 

Get SALT Encoding   

  12  0:00  Probe  
  13  0:13  Probe  
  14  0:19  Pylon  
  14  0:25  Probe (Chrono Boost)  
  15  0:39  Probe (Chrono Boost), Gateway  
  16  0:44  Probe (Chrono Boost)  
  16  0:47  Assimilator  
  17  0:56  Probe  
  18  1:08  Probe  
  19  1:20  Probe  
  20  1:30  Cybernetics Core  
  21  1:32  Probe  
  21  1:39  Nexus  
  21  1:46  Pylon  
  21  1:48  Probe  
  22  1:55  Assimilator  
  22  2:00  Probe  
  23  2:05  Adept (Chrono Boost)  
  25  2:09  Warp Gate  
  25  2:12  Probe  
  26  2:24  Probe  
  26  2:25  Adept (Chrono Boost)  
  29  2:36  Probe  
  29  2:37  Twilight Council  
  29  2:47  Stalker  
  29  2:50  Probe  
  32  2:51  Probe  
  33  3:02  Probe  
  33  3:03  Probe  
  35  3:14  Probe  
  35  3:16  Probe  
  35  3:17  Gateway  
  37  3:23  Blink  
  37  3:27  Probe  
  38  3:28  Probe  
  38  3:29  Gateway  
  39  3:39  Probe  
  40  3:43  Probe  
  40  3:44  Stalker  
  41  3:51  Probe  
  43  3:55  Probe  
  43  3:58  Pylon  
  43  4:02  Shield Battery  
  41  4:03  Probe  
  41  4:07  Probe  
  41  4:08  Robotics Facility  
  43  4:15  Probe  
  44  4:17  Stalker  
  44  4:19  Probe  
  44  4:23  Stalker  
  49  4:27  Probe  
  50  4:32  Probe  
  50  4:37  Stalker  
  53  4:39  Probe  
  53  4:44  Probe  
  53  4:51  Probe  
  53  4:59  Observer (Chrono Boost)  
  54  5:02  Pylon  
  54  5:04  Nexus  
  54  5:06  Assimilator  
  54  5:07  Pylon  
  54  5:20  Probe x2  
  56  5:25  Observer (Chrono Boost)  
  56  5:32  Probe x2  
  57  5:41  Stalker x2  
  60  5:44  Probe x2  
  60  5:45  Charge  
  62  5:55  Forge  
  62  5:56  Probe x2  
  64  6:08  Probe x2  
  66  6:12  Gateway  
  66  6:13  Gateway  
  66  6:16  Probe  
  67  6:19  Stalker  
  67  6:20  Probe x2  
  69  6:28  Probe, Protoss Ground Armor Level 1 (Chrono Boost)  
  69  6:32  Probe  
  71  6:34  Probe  
  71  6:39  Shield Battery, Observer  
  73  6:42  Probe (Chrono Boost)  
  73  6:44  Probe (Chrono Boost)  
  73  6:45  Stalker x2  
  80  6:51  Probe (Chrono Boost)  
  80  6:52  Stalker  
  84  6:56  Probe (Chrono Boost)  
  84  6:57  Gateway  
  84  6:58  Probe (Chrono Boost)  
  84  7:01  Gateway  
  84  7:02  Probe (Chrono Boost)  
  84  7:08  Pylon  
  85  7:09  Pylon, Gateway  
  85  7:16  Pylon  
  85  7:20  Templar Archives  
  85  7:24  Assimilator  
  85  7:25  Warp Prism  
  85  7:26  Probe  
  85  7:29  Probe  
  88  7:30  Probe  
  88  7:34  Observer  
  88  7:35  Stalker x2  
  91  7:40  Probe  
  91  7:43  Probe  
  92  7:46  Probe  
  92  7:48  Zealot x2  
  97  7:52  Probe  
  97  7:53  Assimilator  
  97  7:55  Probe  
  99  7:59  Probe  
  99  8:02  High Templar x2  
  104  8:11  Zealot x2  
  108  8:18  Psionic Storm  
  108  8:22  Pylon  
  108  8:23  Pylon  
  108  8:25  Pylon  
  108  8:27  Pylon, Protoss Ground Weapons Level 1 (Chrono Boost)  
  108  8:30  Shield Battery  
  108  8:39  Zealot  
  108  8:40  Zealot x2  
  112  8:43  Zealot x3  
  112  8:44  Zealot  
  108  8:57  Probe  
  108  8:59  Probe  
  110  9:10  High Templar x2  
  110  9:11  Zealot x5  
  110  9:12  Nexus  
  110  9:14  Probe  
  110  9:16  Probe  
  126  9:19  Photon Cannon  
  126  9:23  Probe, Photon Cannon  
  127  9:25  Pylon  
  127  9:26  Probe  
  127  9:28  Probe  
  129  9:44  Probe  
  126  9:46  Stalker x2  
  126  9:51  Zealot x6  
  140  9:57  Archon  
  131  10:10  Zealot x2  
  131  10:11  Zealot x6  
  105  10:37  Observer  
  105  10:38  High Templar x2  
  105  10:39  Zealot x5, High Templar  
  105  10:40  Immortal (Chrono Boost)  
  105  10:41  Probe  
  118  10:43  Protoss Ground Armor Level 2 (Chrono Boost)  
  118  10:45  Probe  
  118  10:48  Photon Cannon  
  117  10:50  Probe x2  
  117  10:51  Shield Battery  
  119  11:00  Observer  
  119  11:02  High Templar  
  121  11:04  Zealot x4  
  121  11:09  Gateway  
  129  11:11  Pylon, Gateway  
  129  11:13  Warp Prism (Chrono Boost), Pylon  
  129  11:15  Gateway  
  129  11:16  Assimilator  
  129  11:18  Stalker, High Templar x2  
  137  11:27  Zealot x4  
  137  11:31  Forge  
  145  11:34  Probe, Assimilator  
  146  11:41  Warp Prism (Chrono Boost)  
  146  11:43  Zealot  
  146  11:44  Zealot  
  146  11:46  Probe  
  153  11:51  Nexus  
  153  11:54  Probe, Pylon  
  154  12:03  Protoss Ground Weapons Level 2 (Chrono Boost)  
  154  12:04  Zealot x4  
  154  12:05  Zealot x2  
  154  12:07  Observer  
  163  12:22  Probe  
  163  12:23  Probe  
  163  12:25  Probe, Robotics Bay  
  163  12:29  Robotics Facility  
  165  12:33  Zealot x7  
  165  12:34  Zealot  
  177  13:00  Stalker x4  
  185  13:07  Zealot x7  
  193  13:22  Disruptor  
  193  13:23  Disruptor  
  195  13:29  Zealot x3  
  173  13:48  Archon  
  151  13:50  Probe x2  
  151  13:53  Zealot, High Templar x4  
  151  13:54  Probe, Zealot x6  
  151  13:55  Disruptor (Chrono Boost)  
  164  13:57  Probe  
  160  14:05  Probe  
  160  14:08  Probe  
  156  14:10  Probe  
  156  14:12  Photon Cannon  
  156  14:13  Photon Cannon  
  156  14:14  Shield Battery  
  156  14:15  Shield Battery  
  156  14:16  Disruptor (Chrono Boost)  
  155  14:17  Zealot x7  
  172  14:30  Assimilator  
  172  14:32  Assimilator  
  172  14:36  Zealot x4  
  180  14:51  Zealot x7  
  188  15:07  Stalker  
  188  15:08  Stalker x3  
  194  15:20  Zealot x3  
  194  15:21  Zealot x4  
  161  15:37  Archon  

Tags
 
Add a new tag
Caveats
  • Supply blocks, unpowered buildings, or Contaminate may cause inaccurate times.
  • Supply counts are checked every 10 seconds.